 Dungeon Crawl Stone Soup version 0.19.1-1-g22dce08 (webtiles) character file.

1830 TuxedoFelix the Slasher (level 9, -4/66 HPs)
             Began as a Human Fighter on Jan 14, 2017.
             Was a Follower of Cheibriados.
             Shot with a bolt by an orc warrior (6 damage)
             ... in a bailey.
             The game lasted 00:58:55 (8863 turns).

TuxedoFelix the Slasher (Human Fighter)             Turns: 8863, Time: 00:58:56

Health: -4/66      AC: 12    Str: 22    XL:     9   Next: 32%
Magic:  9/9        EV: 10    Int: 13    God:    Cheibriados [*.....]
Gold:   373        SH: 14    Dex: 15    Spells: 0 memorised, 8 levels left

rFire  + . .     SeeInvis .     a - +1 long sword
rCold  + . .     Gourm    .     b - +0 scale mail
rNeg   + . .     Faith    .     c - +0 shield
rPois  +         Spirit   .     p - +0 helmet
rElec  +         Reflect  +     (no cloak)
rCorr  +         Harm     .     G - +1 pair of gloves
MR     .....                    B - +0 pair of boots
Stlth  +.........               E - +3 amulet of reflection
                                F - ring of stealth
                                g - ring of positive energy

@: resistant, very slow
A: no striking features
a: Bend Time, Renounce Religion


You were in a bailey.
You worshipped Cheibriados.
Cheibriados was aware of your devotion.
You were not hungry.

You visited 2 branches of the dungeon, and saw 8 of its levels.
You also visited: Ossuary and Bailey.

You collected 373 gold pieces.

Inventory:

Hand Weapons
 a - a +1 long sword (weapon)
 x - a +0 morningstar
Missiles
 d - 10 tomahawks
 s - 3 tomahawks of returning
 y - 4 silver tomahawks (quivered)
Armour
 b - a +0 scale mail (worn)
 c - a +0 shield (worn)
 p - a +0 helmet (worn)
 B - a +0 pair of boots (worn)
 G - a +1 pair of gloves (worn)
Jewellery
 e - an uncursed ring of wizardry
 g - a ring of positive energy (left hand)
 j - an uncursed amulet of magic regeneration
 n - a +2 ring of slaying
 E - a +3 amulet of reflection (around neck)
 F - a ring of stealth (right hand)
Wands
 z - a wand of iceblast (5/15)
Scrolls
 f - 2 scrolls of remove curse
 k - 3 scrolls of teleportation
 q - a scroll of immolation
 w - a scroll of amnesia
Potions
 h - a potion of haste {unknown}
 i - a potion of flight {unknown}
 l - a potion of lignification {unknown}
 m - a potion of magic
 r - a potion of ambrosia {unknown}
 t - a potion of beneficial mutation {unknown}
 u - a potion of invisibility {unknown}
 A - 2 potions of cure mutation {unknown}
 D - a potion of agility
Comestibles
 o - 3 fruits
 H - 4 meat rations
 I - 9 chunks of flesh


   Skills:
 + Level 4.4 Fighting
 + Level 7.0 Long Blades
 + Level 0.2 Throwing
 + Level 6.1 Armour
 + Level 3.8 Dodging
 + Level 1.0 Stealth
 + Level 6.0 Shields
 + Level 0.7 Invocations


You had 8 spell levels left.
You didn't know any spells.

Dungeon Overview and Level Annotations

Branches:
Dungeon (7/15)             Temple (1/1) D:5

Altars:
Ashenzari
Cheibriados
Dithmenos
Gozag
Hepliaklqana
Kikubaaqudgha
Ru
Sif Muna
Uskayaw
Vehumet
Yredelemnul

Shops:
D:5 *


Message History

As you read the scroll of fog, it crumbles to dust.
The scroll dissolves into smoke.
The orc warrior shoots a bolt.
You reflect the bolt off an invisible shield around you!
The bolt hits the orc warrior!
The orc warrior shoots a bolt.
You reflect the bolt off an invisible shield around you!
The bolt hits the orc warrior!
Your surroundings seem slightly different.
The orc warrior shoots a bolt.
You reflect the bolt off an invisible shield around you!
The bolt misses the orc warrior.
The bolt barely misses the orc.
Found a bolt.
You block the orc's attack. The orc completely misses you.
The orc warrior shoots a bolt.
The bolt hits you!
* * * LOW HITPOINT WARNING * * *
You see here a bolt.
As you read the scroll of immolation, it crumbles to dust.
The creatures around you are filled with an inner flame!
You block the orc's attack. The orc completely misses you.
You fail to use your ability.
The orc warrior shoots a bolt.
The bolt hits you.
You die...

### #########∩##
######
##(....##...##.....##
#..≈≈≈..#(.§#..≈≈≈..#
#.≈≈o≈≈..(..§§§≈o≈≈.#
+.≈.oo≈...(§§§≈oo(≈.+
#.≈≈o≈≈....§§§≈≈o≈≈.#
#..≈≈≈@.#.(.#..≈≈≈.(#
##.....##.∩.##.....##
#########∩## ######
###


You could see an orc warrior (inner flame) and 3 orcs.

Vanquished Creatures
  Menkaure (D:5)
  Edmund (D:5)
  A phantom (D:6)
  An ogre (D:5)
  2 centaurs
  The ghost of Apogee the Conjurer, an amateur DECj (D:3)
  Blork the orc (D:4)
  A bullfrog (D:6)
  A wyvern skeleton (D:6)
  2 scorpions (D:4)
  A water moccasin skeleton (D:5)
  2 crimson imps
  A quasit (D:5)
  2 human zombies (Ossuary)
  A hound (D:5)
  An orc priest (D:4)
  Crazy Yiuf (D:3)
  Jessica (D:3)
  Terence (D:2)
  An iguana (D:6)
  Natasha (D:2)
  3 orc wizards
  A worker ant (D:6)
  2 big kobold zombies (Ossuary)
  A hound skeleton (D:5)
  2 hound zombies (Ossuary)
  4 mummies (Ossuary)
  Robin (D:3)
  7 gnolls
  7 adders
  2 adder zombies
  3 worms
  2 dart slugs
  2 leopard geckos
  16 orcs
  A ball python (D:2)
  7 giant cockroaches
  18 goblins
  7 hobgoblins
  13 jackals
  9 kobolds
  A quokka (D:6)
  A ball python skeleton (D:4)
  13 bats
  3 frilled lizards
  A jackal skeleton (D:4)
  A jackal zombie (Ossuary)
  A kobold zombie (Ossuary)
  A leopard gecko skeleton (D:6)
  3 orc zombies (Ossuary)
  A quokka skeleton (D:6)
  6 rats
  A rat zombie (Ossuary)
166 creatures vanquished.

Vanquished Creatures (others)
  2 orcs (Bailey)
2 creatures vanquished.

Grand Total: 168 creatures vanquished

Notes
Turn   | Place    | Note
-------+----------+-------------------------------------------
     0 | D:1      | TuxedoFelix the Human Fighter began the quest for the Orb.
     0 | D:1      | Reached XP level 1. HP: 18/18 MP: 1/1
   228 | D:1      | Reached XP level 2. HP: 21/24 MP: 2/2
   464 | D:1      | You fall through a shaft!
   785 | D:1      | Reached XP level 3. HP: 28/29 MP: 3/3
  1019 | D:2      | Noticed Terence
  1025 | D:2      | Killed Terence
  1025 | D:2      | Reached XP level 4. HP: 35/35 MP: 4/4
  1296 | D:2      | Noticed Natasha
  1937 | D:2      | Killed Natasha
  1937 | D:2      | Reached skill level 3 in Long Blades
  1937 | D:2      | Reached skill level 1 in Dodging
  1937 | D:2      | Reached XP level 5. HP: 17/41 MP: 5/5
  2243 | D:3      | Noticed a centaur
  2253 | D:3      | Killed a centaur
  2253 | D:3      | Reached XP level 6. HP: 16/47 MP: 6/6
  2692 | D:3      | Noticed Apogee's ghost (amateur DECj)
  2712 | D:3      | Killed Apogee's ghost
  2827 | D:3      | Found a faded altar of an unknown god.
  2832 | D:3      | Noticed Jessica
  2844 | D:3      | Killed Jessica
  2844 | D:3      | Reached skill level 4 in Long Blades
  3279 | D:3      | Reached XP level 7. HP: 32/52 MP: 7/7
  3485 | D:3      | Found an opulent altar of Gozag.
  3487 | D:3      | Noticed Robin
  3511 | D:3      | Killed Robin
  3795 | D:3      | Found a runed door.
  3799 | D:3      | Noticed Crazy Yiuf
  3806 | D:3      | Killed Crazy Yiuf
  4266 | D:4      | Found a sand-covered staircase.
  4275 | Ossuary  | Entered an ossuary
  4951 | D:4      | Noticed Blork the orc
  4985 | D:4      | Killed Blork the orc
  4985 | D:4      | Reached skill level 5 in Long Blades
  5326 | D:4      | Reached XP level 8. HP: 46/60 MP: 8/8
  5532 | D:4      | Reached skill level 5 in Armour
  5836 | D:4      | Reached skill level 5 in Shields
  5999 | D:5      | Entered Level 5 of the Dungeon
  6049 | D:5      | Found a staircase to the Ecumenical Temple.
  6262 | Temple   | Entered the Ecumenical Temple
  6337 | Temple   | Became a worshipper of Cheibriados the Contemplative
  6702 | D:5      | Found Lacowkaj's General Store.
  6913 | D:5      | Noticed Edmund
  6929 | D:5      | Reached skill level 6 in Long Blades
  6968 | D:5      | Killed Edmund
  7197 | D:5      | Noticed Menkaure
  7207 | D:5      | Killed Menkaure
  7207 | D:5      | Reached XP level 9. HP: 48/65 MP: 6/9
  7657 | D:6      | Reached * piety under Cheibriados
  7983 | D:6      | Reached skill level 1 in Stealth
  8123 | D:6      | Got a smoking trident
  8469 | D:6      | Found a shadowy altar of Dithmenos.
  8820 | D:7      | Found a flagged portal.
  8849 | Bailey   | Entered a bailey
  8849 | Bailey   | Noticed an orc knight
  8852 | Bailey   | Reached skill level 7 in Long Blades
  8861 | Bailey   | HP: 2/66 [orc warrior/bolt (9)]
  8863 | Bailey   | Shot with a bolt by an orc warrior

Skill      XL: |  1  2  3  4  5  6  7  8  9 |
---------------+----------------------------+-----
Long Blades    | 3 4 5 6 7 |  7.0
Dodging        | 1 2 3 |  3.8
Armour         | 4 5 6 |  6.1
Shields        | 4 5 6 |  6.0
Fighting       | 4 |  4.4
Stealth        | 1 |  1.0
Throwing       | |  0.2
Invocations    | |  0.7

Action                   |  1- 3 |  4- 6 |  7- 9 || total
-------------------------+-------+-------+-------++-------
Melee: Long sword        |    78 |   199 |   481 ||   758
Throw: Tomahawk          |       |       |     8 ||     8
Invok: Bend Time         |       |       |     1 ||     1
  Use: Potion            |     1 |     1 |     7 ||     9
       Scroll            |       |    10 |    11 ||    21
 Stab: Distracted        |       |       |     1 ||     1
  Eat: Chunk             |       |     2 |     6 ||     8
       Beef jerky        |       |     1 |       ||     1
       Bread ration      |       |     1 |     2 ||     3
       Fruit             |       |       |     2 ||     2
       Pizza             |       |       |     1 ||     1
Armor: Scale mail        |    69 |   113 |   230 ||   412
Dodge: Dodged            |    26 |    91 |   173 ||   290
Block: Shield            |    44 |   114 |   368 ||   526
       Reflection        |       |       |    11 ||    11
       Rpst.: Long sword |     6 |    22 |    41 ||    69
